 Dungeon Sprint DCSS version 0.17-a0-1646-geb1493d (webtiles) character file.

3899 Kidiri the Protected (level 10, -1/93 HPs)
             Began as a Minotaur Fighter on Aug 10, 2015.
             Was the Champion of Makhleb.
             Slain by a blizzard demon (9 damage)
             ... in the Dungeon (Sprint V: "Ziggurat Sprint").
             The game lasted 00:09:13 (1072 turns).

Kidiri the Protected (Minotaur Fighter)             Turns: 1072, Time: 00:09:13

Health: -1/93      AC: 31    Str: 32    XL:     10   Next: 0%
Magic:  5/5        EV:  6    Int:  5    God:    Makhleb [******]
Gold:   0          SH: 32    Dex: 11    Spells: 0 memorised, 9 levels left

rFire  . . .     SeeInvis +     L - +14 obsidian axe {chop, +Fly Str+3 SInv *Curse} (curse)
rCold  . . .     Clarity  .     J - +15 Maxwell's patent armour {-Cast -Tele rElec MR+ rCorr}
rNeg   + . .     SustAt   .     K - +18 shield of the gong {rElec rN+ MR+ EV-5}
rPois  +         Gourm    .     (helmet restricted)
rElec  +         Spirit   .     (no cloak)
rCorr  +         Warding  .     (no gloves)
rMut   .         NoTele   +     (no boots)
MR     ++++.     NoCast   +     (no amulet)
Stlth  ..........               b - ring of Ohaqeoqo {Wiz rPois MR++ MP-9 Stlth+}
                                D - +6 ring of strength

@: mesmerised, incredibly resistant to hostile enchantments, extremely
unstealthy
A: retaliatory headbutt, horns 2
a: Minor Destruction, Lesser Servant of Makhleb, Major Destruction, Greater
Servant of Makhleb, Renounce Religion, Evoke Flight


You were in the Dungeon.
You worshipped Makhleb.
Makhleb was exalted by your worship.
You were hungry.

You visited 1 branch

Inventory:

Hand weapons
 L - the cursed +14 obsidian axe (weapon) {chop, +Fly Str+3 SInv *Curse}
   (You found it in the Dungeon)

   It inflicts extra damage upon your enemies.
   It affects your strength (+3).
   It lets you see invisible.
   It lets you fly.
   It may re-curse itself when equipped.
   It has a curse placed upon it.
Armour
 J - the +15 Maxwell's patent armour (worn) {-Cast -Tele rElec MR+ rCorr}
   (You found it in the Dungeon)

   It insulates you from electricity.
   It affects your resistance to hostile enchantments.
   It prevents spellcasting.
   It prevents most forms of teleportation.
   It protects you from acid and corrosion.
 K - the +18 shield of the gong (worn) {rElec rN+ MR+ EV-5}
   (You found it in the Dungeon)

   It affects your evasion (-5).
   It insulates you from electricity.
   It protects you from negative energy.
   It affects your resistance to hostile enchantments.
Jewellery
 b - the ring of Ohaqeoqo (right hand) {Wiz rPois MR++ MP-9 Stlth+}
   (You found it in the Dungeon)

   [ring of wizardry]

   It improves your spell success rate.
   It protects you from poison.
   It affects your resistance to hostile enchantments.
   It affects your magic capacity (-9).
   It makes you more stealthy.
 D - a +6 ring of strength (left hand)
Magical devices
 F - a wand of disintegration (7)
 G - a wand of fire (5)
 H - a wand of cold (5)
 I - a wand of draining (5)
Scrolls
 a - 4 scrolls of enchant armour
 k - 4 scrolls of blinking
 q - 4 scrolls of amnesia
 r - 3 scrolls of recharging
 s - 7 scrolls of fog
 t - a scroll of holy word
 u - 5 scrolls of identify
 v - 5 scrolls of remove curse
 w - 2 scrolls of fear
Potions
 d - 6 potions of might
 f - 10 potions of curing
 g - 12 potions of heal wounds
 h - 6 potions of haste
 i - 7 potions of magic
 j - 3 potions of berserk rage
 l - 2 potions of brilliance
 m - 2 potions of invisibility
 n - 4 potions of resistance
 p - 5 potions of agility
Comestibles
 c - 23 chunks of flesh
 e - 5 bread rations
 x - 42 fruits
 z - 4 meat rations


   Skills:
 + Level 10.2 Fighting
 * Level 13.0 Axes
 * Level 13.4 Armour
 + Level 8.4 Dodging
 * Level 13.4 Shields
 + Level 7.8 Invocations


You had 9 spell levels left.
You didn't know any spells.

Dungeon Overview and Level Annotations

Branches:
Dungeon (1/1)

Altars:
Ashenzari
Cheibriados
Dithmenos
Elyvilon
Fedhas
Gozag
Kikubaaqudgha
Makhleb
Nemelex Xobeh
Okawaru
Qazlal
Ru
Sif Muna
Trog
Vehumet
Xom
Yredelemnul
Zin
The Shining One
Beogh
Jiyva
Lugonu


Innate Abilities, Weirdness & Mutations

You reflexively headbutt those who attack you in melee.
You have a pair of horns on your head.


Message History

The ice dragon is lightly wounded.
The orb of electricity engulfs the blizzard demon.
The blizzard demon completely resists.
The blizzard demon is moderately wounded.
The orb of electricity engulfs the polar bear.
The polar bear is moderately wounded.
The orb of electricity engulfs you! You resist.
* * * LOW HITPOINT WARNING * * *
The orb of electricity engulfs the ice beast.
The ice beast is lightly wounded.
The orb of electricity engulfs the ice dragon.
The ice dragon is lightly wounded.
The orb of electricity engulfs the ice beast.
The ice beast is severely wounded.
You are feeling hungry.
Visions of slaying the ice dragon flood into your mind.
You block the blizzard demon's attack.
BONNNG!
The blizzard demon hits you!
You die...

▓.........▓.......▓
▓▓▓▓▓▓▓▓▓▓▓▓▓▓▓▓▓▓▓▓▓
▓...8©8...▓...8©8...▓
▓..==}[=..▓..)|}3)..▓
▓..}[|)[..▓...[)3|..▓
▓.........▓.........▓
▓...DhY...▓.........▓
▓....3DY..▓.........▓
▓...2@Y...▓..%%.....▓
▓.........▓.........▓
▓.........▓.........▓
▓.........▓▓▓▓▓▓▓▓▓▓▓
▓▓▓▓▓▓▓▓▓▓▓


You could see 2 ice dragons, a blizzard demon, an ice devil, a polar bear and 3
ice beasts.

Vanquished Creatures
  A cyclops (D)
  A jumping spider (D)
  2 two-headed ogres (D)
  A slime creature (D)
  A redback (D)
  2 yaks (D)
  A golden eye (D)
  2 tarantellas (D)
  3 wolves (D)
  3 porcupines (D)
  2 orc warriors (D)
  A phantom (D)
  An ice beast (D)
  An eye of draining (D)
  A giant frog (D)
  3 scorpions (D)
  A wight (D)
  2 crimson imps (D)
  2 quasits (D)
  2 jellies (D)
  3 orc wizards (D)
  An iguana (D)
  An orc priest (D)
  2 iron imps (D)
  3 river rats (D)
  A white imp (D)
  An ufetubus (D)
  An ooze (D)
  An adder zombie (D)
  An adder skeleton (D)
  2 orcs (D)
  2 jackals (D)
  A giant gecko skeleton (D)
  A jackal skeleton (D)
54 creatures vanquished.

Vanquished Creatures (collateral kills)
  A troll (D)
  An iguana (D)
2 creatures vanquished.

Grand Total: 56 creatures vanquished

Notes
Turn   | Place    | Note
--------------------------------------------------------------
     0 | D        | Kidiri the Minotaur Fighter began the quest for the Orb.
     0 | D        | Reached XP level 1. HP: 19/19 MP: 0/0
     0 | D        | Found a roughly hewn altar of Beogh.
     0 | D        | Found a viscous altar of Jiyva.
     0 | D        | Found a corrupted altar of Lugonu.
     0 | D        | Found a white marble altar of Elyvilon.
     0 | D        | Found a sparkling altar of Nemelex Xobeh.
     1 | D        | Found a burning altar of Makhleb.
     1 | D        | Found an iron altar of Okawaru.
     1 | D        | Found a deep blue altar of Sif Muna.
     1 | D        | Found a radiant altar of Vehumet.
     1 | D        | Found a bloodstained altar of Trog.
     1 | D        | Found a shimmering altar of Xom.
   174 | D        | Became a worshipper of Makhleb the Destroyer
   179 | D        | Reached skill level 4 in Fighting
   179 | D        | Reached skill level 5 in Armour
   179 | D        | Reached skill level 5 in Shields
   179 | D        | Reached XP level 2. HP: 24/28 MP: 0/2
   224 | D        | Entered arena 1.
   224 | D        | Noticed a quasit
   224 | D        | Noticed an iron imp
   225 | D        | Killed a quasit
   225 | D        | Reached skill level 5 in Axes
   225 | D        | Reached skill level 6 in Armour
   225 | D        | Reached XP level 3. HP: 35/35 MP: 3/3
   228 | D        | Killed an iron imp
   228 | D        | Reached skill level 5 in Fighting
   239 | D        | Entered arena 2.
   239 | D        | Noticed an iguana
   239 | D        | Noticed a giant frog
   239 | D        | Noticed a yak
   241 | D        | Killed a giant frog
   241 | D        | Acquired Makhleb's first power
   241 | D        | Reached skill level 7 in Armour
   241 | D        | Reached XP level 4. HP: 42/42 MP: 5/5
   243 | D        | Killed an iguana
   243 | D        | Reached XP level 5. HP: 45/50 MP: 6/6
   244 | D        | Killed a yak
   244 | D        | Acquired Makhleb's second power
   244 | D        | Reached skill level 8 in Armour
   254 | D        | Identified the Papyrus of the Damaging Blaze (You found it in the Dungeon)
   273 | D        | Entered arena 3.
   273 | D        | Noticed a wolf
   276 | D        | Killed a wolf
   276 | D        | Reached skill level 9 in Armour
   276 | D        | Reached XP level 6. HP: 52/58 MP: 8/8
   276 | D        | Acquired Makhleb's third power
   276 | D        | Reached skill level 5 in Dodging
   298 | D        | Entered arena 4.
   298 | D        | Noticed a two-headed ogre
   298 | D        | Noticed a two-headed ogre
   298 | D        | Noticed a cyclops
   298 | D        | Noticed a troll
   301 | D        | Killed a troll
   301 | D        | Reached skill level 5 in Invocations
   301 | D        | Reached XP level 7. HP: 51/66 MP: 9/9
   302 | D        | Killed a two-headed ogre
   302 | D        | Acquired Makhleb's fourth power
   302 | D        | Reached skill level 10 in Armour
   302 | D        | Reached skill level 10 in Shields
   304 | D        | Killed a two-headed ogre
   304 | D        | Reached skill level 10 in Axes
   308 | D        | Killed a cyclops
   308 | D        | Reached skill level 11 in Armour
   308 | D        | Reached XP level 8. HP: 40/75 MP: 9/11
   484 | D        | Entered arena 5.
   484 | D        | Noticed a quasit
   484 | D        | Noticed a crimson imp
   484 | D        | Noticed a crimson imp
   484 | D        | Noticed an iron imp
   487 | D        | Killed an iron imp
   487 | D        | Acquired Makhleb's fifth power
   488 | D        | Killed a quasit
   489 | D        | Killed a crimson imp
   489 | D        | Killed a crimson imp
   494 | D        | Got the ring of the Barracuda {Wiz Str+3 Int+3}
   504 | D        | Entered arena 6.
   504 | D        | Noticed an eye of draining
   504 | D        | Noticed a jelly
   504 | D        | Noticed a golden eye
   504 | D        | Noticed a slime creature
   504 | D        | Noticed a jelly
   509 | D        | Killed a jelly
   510 | D        | Killed a jelly
   512 | D        | Killed an eye of draining
   513 | D        | Killed a slime creature
   514 | D        | Killed a golden eye
   698 | D        | Entered arena 7.
   698 | D        | Noticed a wight
   698 | D        | Noticed a phantom
   703 | D        | Killed a phantom
   704 | D        | Reached XP level 9. HP: 83/83 MP: 13/13
   705 | D        | Killed a wight
   705 | D        | Reached skill level 12 in Shields
   713 | D        | Got the ring of Ohaqeoqo {Wiz rPois MR++ MP-9 Stlth+}
   823 | D        | Entered arena 8.
   823 | D        | Noticed a redback
   823 | D        | Noticed a tarantella
   823 | D        | Noticed a scorpion
   823 | D        | Noticed a scorpion
   823 | D        | Noticed a scorpion
   823 | D        | Noticed a tarantella
   823 | D        | Noticed a jumping spider
   827 | D        | Killed a tarantella
   828 | D        | Killed a jumping spider
   828 | D        | Killed a scorpion
   828 | D        | Killed a scorpion
   829 | D        | Killed a scorpion
   829 | D        | Killed a redback
   830 | D        | Killed a tarantella
   936 | D        | Entered arena 9.
   936 | D        | Noticed an orc wizard
   936 | D        | Noticed an orc wizard
   936 | D        | Noticed an orc priest
   936 | D        | Noticed an orc warrior
   936 | D        | Noticed an orc warrior
   936 | D        | Noticed an orc wizard
   940 | D        | Killed an orc wizard
   941 | D        | Killed an orc wizard
   942 | D        | Killed an orc warrior
   944 | D        | Killed an orc priest
   944 | D        | Killed an orc wizard
   945 | D        | Killed an orc warrior
   976 | D        | Entered arena 10.
   976 | D        | Noticed an iguana
   976 | D        | Noticed a wolf
   976 | D        | Noticed a wolf
   976 | D        | Noticed a porcupine
   976 | D        | Noticed a yak
   976 | D        | Noticed a porcupine
   976 | D        | Noticed a porcupine
   978 | D        | Killed a wolf
   978 | D        | Reached skill level 13 in Armour
   980 | D        | Killed a wolf
   981 | D        | Killed an iguana
   981 | D        | Reached skill level 10 in Fighting
   981 | D        | Killed a porcupine
   983 | D        | Killed a porcupine
   983 | D        | Killed a yak
   984 | D        | Killed a porcupine
  1065 | D        | Entered arena 11.
  1065 | D        | Noticed an ice beast
  1065 | D        | Noticed an ice devil
  1065 | D        | Noticed a polar bear
  1065 | D        | Noticed an ice beast
  1066 | D        | Noticed a blizzard demon
  1066 | D        | Noticed an ice dragon
  1066 | D        | Noticed an ice beast
  1066 | D        | Noticed an ice beast
  1066 | D        | Noticed an ice dragon
  1072 | D        | Killed an ice beast
  1072 | D        | Reached XP level 10. HP: 16/93 MP: 5/14
  1072 | D        | Slain by a blizzard demon

Vault maps used:
D:        sprint_v

Action                   |  1- 3 |  4- 6 |  7- 9 | 10-12 || total
-------------------------+-------+-------+-------+-------++-------
Melee: Broad axe         |     4 |     8 |    42 |       ||    54
Invok: Major Destruction |       |       |       |     1 ||     1
  Use: Potion            |     1 |       |       |       ||     1
